 Dungeon Crawl Stone Soup version 0.23-a0-639-ga9a3373 (webtiles) character file.

2735 MisterFreud the Conjurer (level 9, -1/68 HPs)
             Began as a Naga Fire Elementalist on Dec 29, 2018.
             Was a Follower of Cheibriados.
             Slain by a hog (14 damage)
             ... on level 7 of the Dungeon.
             The game lasted 00:25:37 (7053 turns).

MisterFreud the Conjurer (Naga Fire Elementalist)   Turns: 7053, Time: 00:25:37

Health: -1/68      AC: 12    Str: 12    XL:     9   Next: 67%
Magic:  5/16       EV: 13    Int: 20    God:    Cheibriados [*.....]
Gold:   310        SH:  0    Dex: 13    Spells: 10/18 levels left

rFire    + + .     SeeInvis +   I - +5 dire flail (protect)
rCold    x . .     Gourm    .   (shield currently unavailable)
rNeg     . . .     Faith    .   a - +0 robe
rPois    +         Spirit   .   (no helmet)
rElec    +         Reflect  .   (no cloak)
rCorr    .         Harm     .   y - +0 pair of gloves "Buaton" {rElec MR++ Dex-2 Stlth+}
MR       +++..                  (no barding)
Stlth    +++.......             (no amulet)
HPRegen  0.21/turn              A - ring of protection from fire
MPRegen  0.15/turn              L - ring of fire

@: protection aura, very slow
A: large, see invisible, deformed body, poison resistance, slowness 2, slow
metabolism 1, spit poison 1, AC +3
a: Spit Poison, Bend Time, Renounce Religion


You were on level 7 of the Dungeon.
You worshipped Cheibriados.
Cheibriados was aware of your devotion.
You were very hungry.

You visited 1 branch of the dungeon, and saw 7 of its levels.
You also visited: Sewer.

You collected 310 gold pieces.

Inventory:

Hand Weapons
 e - a +0 trident
 i - a +1 falchion
 t - a +0 hunting sling
 C - a +3 hand crossbow
 I - a +5 dire flail of protection (weapon)
 J - a +1 morningstar of protection
Missiles
 b - 6 javelins (quivered)
 d - 3 tomahawks of dispersal
 h - 184 stones
 j - 101 arrows
 k - 60 sling bullets
 m - 40 bolts
 o - 8 tomahawks
 D - a throwing net
 E - 2 poisoned needles
Armour
 a - a +0 robe (worn)
 n - a +0 shield
 y - the +0 pair of gloves "Buaton" (worn) {rElec MR++ Dex-2 Stlth+}
   (You found it on level 5 of the Dungeon)

   It affects your dexterity (-2).
   It insulates you from electricity.
   It affects your resistance to hostile enchantments.
   It makes you more stealthy.
Magical Staves
 u - an uncursed staff of wizardry
Jewellery
 A - a ring of protection from fire (left hand)
 L - a ring of fire (right hand)
Wands
 s - a wand of scattershot (4)
Scrolls
 g - 3 scrolls of blinking
 l - 6 scrolls of teleportation
 p - 3 scrolls of amnesia
 v - a scroll of remove curse
 B - a scroll of identify
Potions
 f - a potion of might
 q - 2 potions of curing
 r - a potion of agility {unknown}
 w - 4 potions of flight {unknown}
 x - a potion of cancellation {unknown}
 z - a potion of haste {unknown}
 F - 2 potions of heal wounds
 G - 3 potions of brilliance
Comestibles
 c - 9 rations


   Skills:
 - Level 6.0 Dodging
 - Level 3.0 Stealth
 + Level 4.0 Shields
 - Level 5.0 Spellcasting
 - Level 6.2 Conjurations
 - Level 6.0 Fire Magic


You had 10 spell levels left.
You knew the following spells:

 Your Spells              Type           Power        Failure   Level  Hunger
a - Flame Tongue          Conj/Fire      #####        1%          1    None
b - Conjure Flame         Conj/Fire      #####...     2%          3    ##.....
c - Sticky Flame          Conj/Fire      #####...     10%         4    ####...

Your spell library contained the following spells:

 Spells                   Type           Power        Failure   Level  Hunger
 Throw Flame              Conj/Fire      #####.       1%          2    None
 Inner Flame              Hex/Fire       ####....     10%         3    ##.....
 Animate Skeleton         Necr           N/A          12%         1    None
 Corona                   Hex            #......      12%         1    None
 Pain                     Necr           #...         12%         1    None
 Slow                     Hex            #.......     17%         2    None
 Fireball                 Conj/Fire      #####.....   26%         5    #####..
 Portal Projectile        Hex/Tloc       #.....       34%         3    ##.....
 Regeneration             Chrm/Necr      #.........   34%         3    ##.....
 Vampiric Draining        Necr           #.........   34%         3    ##.....
 Animate Dead             Necr           N/A          75%         4    ####...
 Cause Fear               Hex            #.........   75%         4    ####...
 Leda's Liquefaction      Hex/Erth       #.........   75%         4    ####...


Dungeon Overview and Level Annotations

Branches:
Dungeon (7/15)             Temple (0/1) D:7

Altars:
Cheibriados
Elyvilon
Qazlal
Ru
Sif Muna
Trog
Vehumet
Wu Jian
The Shining One

Shops:
D:6 *


Innate Abilities, Weirdness & Mutations

You cannot wear boots.
Your serpentine skin is tough. (AC +3)
You have supernaturally acute eyesight. (SInv)
Armour fits poorly on your strangely shaped body.
Your system is resistant to poisons. (rPois)
You cover ground very slowly.
You have a slow metabolism.
You can spit poison.


Message History

The human burns!
The human hits you with a +0 hand axe.
You puncture the human!
You kill the human!
Cheibriados appreciates the change of pace.
Your Shields skill increases to level 4!
The hog bites you!
* * * LOW HITPOINT WARNING * * *
Casting: Sticky Flame (safe; 10% risk of failure)
Confirm with . or Enter, or press ? or * to list all spells.
Aiming: Sticky Flame (safe; 10% risk of failure)
Press: ? - help, Shift-Dir - straight line, f - hog
Aim: a hog You feel a surge of power!
The sticky flame hits the hog.
The hog is lightly wounded.
The hog is covered in liquid flames!
The hog burns!
The hog bites you.
* * * LOW HITPOINT WARNING * * *
You sock the hog!
The hog is heavily wounded.
The hog burns!
The hog barely misses you. The hog bites you!
You die...

#. ..# #. #.# #.
#.# #. #.# #. ###
#.# ### ##.###.#
#..
####...##.######.#
+@h...............
####...##.######.#
#.......# #.#
##.####..# #.#
##..# #..# #.#
#...# ...# #.#
##'## .#.# #.#
#..#..# . .# #.#
#..#..# .. .# #..


You could see a hog (burning).

Vanquished Creatures
  Grinder (D:3)
  A human (D:7)
  A hog (D:7)
  A hungry ghost (D:5)
  Edmund (D:6)
  A sky beast (D:5)
  An ice beast (D:6)
  A phantom (D:6)
  An ogre (D:6)
  A centaur (D:6)
  A bullfrog (D:5)
  A big kobold (Sewer)
  Blork the orc (D:5)
  4 scorpions
  A howler monkey (D:7)
  A bullfrog zombie (D:5)
  2 crimson imps
  2 quasits (Sewer)
  4 orc priests
  A centaur zombie (D:7)
  A jelly (D:6)
  4 hounds
  2 centaur skeletons (D:4)
  5 orc wizards
  2 iguanas (D:5)
  Ijyb (D:3)
  2 worker ants
  2 big kobold zombies (Sewer)
  2 hound skeletons
  11 adders
  10 shadow imps
  An ufetubus (Sewer)
  An ooze (Sewer)
  An adder zombie (D:6)
  4 worms
  A dart slug (D:6)
  8 leopard geckos
  29 orcs
  2 ball pythons
  11 bats
  4 giant cockroaches
  6 goblins
  2 hobgoblins (D:1)
  18 kobolds
  2 quokkas
  4 frilled lizards
  A jackal skeleton (D:5)
  2 quokka skeletons (D:4)
  7 rats
174 creatures vanquished.

Vanquished Creatures (others)
  A bat zombie (Sewer)
  3 kobold zombies (Sewer)
4 creatures vanquished.

Grand Total: 178 creatures vanquished

Notes
Turn   | Place    | Note
-------+----------+-------------------------------------------
     0 | D:1      | MisterFreud the Naga Fire Elementalist began the quest for
                  | the Orb.
     0 | D:1      | Reached XP level 1. HP: 15/15 MP: 3/3
   176 | D:1      | Reached XP level 2. HP: 22/22 MP: 5/5
   804 | D:2      | Reached XP level 3. HP: 28/28 MP: 4/6
   952 | D:2      | Reached XP level 4. HP: 36/36 MP: 2/7
  1404 | D:2      | Found an ornate altar of the Wu Jian Council.
  1404 | D:2      | Found a bloodstained altar of Trog.
  1609 | D:3      | Found a white marble altar of Elyvilon.
  1745 | D:3      | Noticed Grinder
  1759 | D:3      | Paralysed by Grinder for 3 turns
  1763 | D:3      | Killed Grinder
  1763 | D:3      | Reached XP level 5. HP: 36/42 MP: 4/8
  1763 | D:3      | Reached XP level 6. HP: 42/49 MP: 4/9
  2025 | D:3      | Reached skill level 5 in Conjurations
  2323 | D:3      | Found a radiant altar of Vehumet.
  2329 | D:3      | Noticed Ijyb
  2352 | D:3      | Killed Ijyb
  2352 | D:3      | Reached skill level 5 in Fire Magic
  2658 | D:3      | Learned a level 3 spell: Conjure Flame
  2663 | D:3      | Learned a level 4 spell: Sticky Flame
  2959 | D:4      | Reached XP level 7. HP: 48/55 MP: 5/10
  3743 | D:5      | Entered Level 5 of the Dungeon
  3809 | D:5      | Noticed a hungry ghost
  3824 | D:5      | Killed a hungry ghost
  3824 | D:5      | Reached XP level 8. HP: 59/62 MP: 5/13
  3931 | D:5      | Got a pair of blackened gloves
  3937 | D:5      | Identified the cursed +0 pair of gloves "Buaton" {rElec
                  | MR++ Dex-2 Stlth+} (You found it on level 5 of the Dungeon)
  4049 | D:5      | Noticed Blork the orc
  4057 | D:5      | Killed Blork the orc
  4281 | D:5      | Reached skill level 5 in Spellcasting
  4975 | D:6      | Found Qoatack's General Store.
  5014 | D:6      | Found a glowing drain.
  5029 | Sewer    | Entered a sewer
  5665 | Sewer    | Found a burning altar of Makhleb.
  5810 | Sewer    | Reached XP level 9. HP: 68/68 MP: 11/16
  5863 | D:6      | Reached skill level 5 in Dodging
  6003 | D:6      | Found a snail-covered altar of Cheibriados.
  6012 | D:6      | Became a worshipper of Cheibriados the Contemplative
  6315 | D:6      | Noticed Edmund
  6328 | D:6      | Killed Edmund
  6366 | D:6      | Reached skill level 1 in Shields
  6605 | D:7      | Found a deep blue altar of Sif Muna.
  6605 | D:7      | Found a sacrificial altar of Ru.
  6605 | D:7      | Found a stormy altar of Qazlal.
  6612 | D:7      | Found a glowing golden altar of the Shining One.
  6725 | D:7      | Reached * piety under Cheibriados
  6777 | D:7      | Found a staircase to the Ecumenical Temple.
  7053 | D:7      | Slain by a hog

Vault maps used:
D:1:      elethiomel_arrival_shortcut, due_unseen_surprise
D:2:      gammafunk_temple_overflow_elements
D:3:      elyvilon_altar_5, nicolae_overflow_crystal_walls, uniq_ijyb,
          uniq_grinder
D:5:      first_ration, uniq_blork_the_orc
D:6:      kennysheep_slug_shrine, portal_sewer_entry_d, serial_shops,
          nicolae_shop_trees, uniq_edmund
D:7:      grunt_temple_overflow_open, minmay_temple_entry_mini_moons,
          grunt_livestock
Sewer:    kennysheep_sewer_church

Skill      XL: |  1  2  3  4  5  6  7  8  9 |
---------------+----------------------------+-----
Conjurations   | 2 3 4 5 6 |  6.2
Fire Magic     | 4 5 6 |  6.0
Spellcasting   | 3 5 |  5.0
Dodging        | 4 6 |  6.0
Shields        | 4 |  4.0
Stealth        | |  3.0

Action                   |  1- 3 |  4- 6 |  7- 9 || total
-------------------------+-------+-------+-------++-------
Melee: Short sword       |     4 |       |       ||     4
       Falchion          |       |    15 |       ||    15
       Trident           |       |     4 |   233 ||   237
       Dire flail        |       |       |    44 ||    44
Throw: Javelin           |     1 |     4 |     4 ||     9
 Cast: Flame Tongue      |    24 |    63 |    99 ||   186
       Sticky Flame      |       |     1 |    24 ||    25
 Abil: Spit Poison       |    23 |    26 |    38 ||    87
  Use: Scroll            |     3 |     4 |     7 ||    14
       Potion            |       |     4 |     1 ||     5
 Stab: Sleeping          |       |       |    11 ||    11
  Eat: Chunk             |     1 |     8 |    16 ||    25
       Ration            |       |       |     1 ||     1
Armor: Robe              |     9 |    12 |   119 ||   140
       Skin              |       |     3 |       ||     3
Dodge: Dodged            |    18 |    24 |   206 ||   248
       Rpst.: Falchion   |       |     6 |       ||     6

Table legend:
 A = Non-vault XP
 B = Vault XP
 C = Vault XP percentage of total XP
 D = Non-vault monster count
 E = Vault monster count
 F = Vault count percentage of total count
                 A         B        C        D         E       F
            +---------+---------+-------+---------+---------+-------
      Total |    2599 |    1309 |  33.5 |     136 |      38 |  21.8
            +---------+---------+-------+---------+---------+-------
        D:1 |      40 |       0 |   0.0 |      17 |       0 |   0.0
        D:2 |     100 |       0 |   0.0 |      23 |       0 |   0.0
        D:3 |      88 |     312 |  78.0 |      13 |       2 |  13.3
        D:4 |     480 |       0 |   0.0 |      32 |       0 |   0.0
        D:5 |     942 |      81 |   7.9 |      21 |       1 |   4.5
        D:6 |     650 |     187 |  22.3 |      16 |       3 |  15.8
        D:7 |     299 |     392 |  56.7 |      14 |       2 |  12.5
      Sewer |       0 |     337 | 100.0 |       0 |      30 | 100.0
            +---------+---------+-------+---------+---------+-------
